 Dungeon Crawl Stone Soup version 0.22.0-13-g43fe8f24b8 (webtiles) character file.

6399 IceCat the Magician (level 10, -9/77 (79) HPs)
             Began as a Gnoll Skald on Aug 17, 2018.
             Was an Elder of Cheibriados.
             Mangled by a white ugly thing (17 damage)
             ... on level 13 of the Dungeon.
             The game lasted 00:36:21 (9358 turns).

IceCat the Magician (Gnoll Skald)                   Turns: 9358, Time: 00:36:21

HP:   -9/77 (79)    AC: 11    Str: 26      XL:     10   Next: 98%
MP:   24/30         EV: 16    Int: 26      God:    Cheibriados [****..]
Gold: 474           SH:  0    Dex: 23 (25) Spells: 16/24 levels left

rFire    + . .     SeeInvis .     - Unarmed
rCold    . . .     Gourm    .   (no shield)
rNeg     . . .     Faith    .   i - +0 scale mail
rPois    .         Spirit   .   g - +0 helmet
rElec    .         Reflect  .   (no cloak)
rCorr    .         Harm     .   m - +1 pair of gloves
MR       .....                  (no boots)
Stlth    ++........             (no amulet)
HPRegen  1.22/turn              B - ring of magical power
MPRegen  0.22/turn              p - ring of protection from fire

@: about to teleport, flying, very slightly contaminated, regenerating, very
slow
A: distributed training, fangs 1, strong nose
a: Bend Time, Temporal Distortion, Slouch, Renounce Religion


You were on level 13 of the Dungeon.
You worshipped Cheibriados.
Cheibriados was greatly pleased with you.
You were not hungry.

You visited 1 branch of the dungeon, and saw 11 of its levels.

You collected 635 gold pieces.
You spent 161 gold pieces at shops.

Inventory:

Missiles
 q - 5 throwing nets (quivered)
Armour
 g - a +0 helmet (worn)
 i - a +0 scale mail (worn)
 m - a +1 pair of gloves (worn)
Jewellery
 p - a ring of protection from fire (right hand)
 u - the amulet of Irrepressible Laughter {Harm *Contam *Drain rPois rC- Str+8}
   (You found it on level 5 of the Dungeon)

   [amulet of harm]

   It increases damage dealt and taken.
   It affects your strength (+8).
   It makes you vulnerable to cold.
   It protects you from poison.
   It causes magical contamination when unequipped.
   It causes draining when unequipped.
 y - an uncursed ring of flight
 B - a ring of magical power (left hand)
Wands
 r - a wand of flame (32)
 w - a wand of paralysis (9)
Scrolls
 b - 5 scrolls of teleportation
 d - 6 scrolls of remove curse
 e - 3 scrolls of identify
 h - 4 scrolls of immolation {unknown}
 o - 4 scrolls of enchant armour
 t - 2 scrolls of amnesia {unknown}
 x - 4 scrolls of enchant weapon {unknown}
 z - a scroll of torment {unknown}
 A - a scroll of fear
 C - a scroll of random uselessness
 D - a scroll of fog
Potions
 a - a potion of ambrosia {unknown}
 f - 2 potions of heal wounds {unknown}
 j - 2 potions of agility {unknown}
 k - a potion of lignification
 n - a potion of cancellation {unknown}
 s - a potion of flight
 v - 2 potions of curing
Comestibles
 c - 21 rations


   Skills:
 + Level 7.4 Fighting
 + Level 5.6 Short Blades
 + Level 5.6 Long Blades
 + Level 5.6 Axes
 + Level 5.6 Maces & Flails
 + Level 5.6 Polearms
 + Level 5.6 Staves
 + Level 5.6 Slings
 + Level 5.6 Bows
 + Level 5.6 Crossbows
 + Level 5.6 Throwing
 + Level 6.3 Armour
 + Level 7.4 Dodging
 + Level 5.6 Stealth
 + Level 5.6 Shields
 + Level 7.4 Unarmed Combat
 + Level 7.6 Spellcasting
 + Level 4.7 Conjurations
 + Level 4.7 Hexes
 + Level 7.3 Charms
 + Level 4.7 Summonings
 + Level 4.7 Necromancy
 + Level 4.7 Translocations
 + Level 4.7 Transmutations
 + Level 4.7 Fire Magic
 + Level 4.7 Ice Magic
 + Level 4.7 Air Magic
 + Level 4.7 Earth Magic
 + Level 4.7 Poison Magic
 + Level 6.2 Invocations
 + Level 5.6 Evocations


You had 16 spell levels left.
You knew the following spells:

 Your Spells              Type           Power        Failure   Level  Hunger
a - Infusion              Chrm           ####         1%          1    None
b - Song of Slaying       Chrm           #####...     1%          2    None
c - Shroud of Golubria    Chrm/Tloc      #####.....   1%          2    None
d - Regeneration          Chrm/Necr      #####.....   3%          3    None

Your spell library contained the following spells:

 Spells                   Type           Power        Failure   Level  Hunger
 Fireball                 Conj/Fire      ####......   45%         5    #####..
 Conjure Flame            Conj/Fire      ####....     5%          3    None
 Bolt of Fire             Conj/Fire      ####......   95%         6    ######.
 Throw Flame              Conj/Fire      ####..       2%          2    None
 Ring of Flames           Chrm/Fire      #####.....   100%        7    #######
 Sticky Flame             Conj/Fire      ####....     19%         4    ##.....
 Flame Tongue             Conj/Fire      ####.        1%          1    None
 Ignite Poison            Fire/Tmut/Pois ####....     5%          3    None
 Inner Flame              Hex/Fire       ####....     5%          3    None
 Spectral Weapon          Hex/Chrm       #####...     3%          3    None
 Ignition                 Fire           ####......   100%        8    #######


Dungeon Overview and Level Annotations

Branches:
Dungeon (10/15)            Temple (0/1) D:6
   Lair: D:8-11         Orc: D:9-12

Altars:
Ashenzari
Cheibriados
Elyvilon
Hepliaklqana
Kikubaaqudgha
Makhleb
Okawaru
Qazlal
Sif Muna
Trog
Uskayaw
Wu Jian
Xom
Yredelemnul
Zin
The Shining One

Shops:
D:4 (   D:6 *   D:7 :   D:9 ?

Annotations:
D:8 3 runed doors, Flugkiller's ghost, novice MfEE
D:9 1 runed door


Innate Abilities, Weirdness & Mutations

Your experience applies equally to all skills.
You have very sharp teeth.
Your uncanny sense of smell can sniff out nearby items.


Message History

The skeletal warrior hits you but does no damage.
Casting: Regeneration (safe; 3% risk of failure)
Confirm with . or Enter, or press ? or * to list all spells.
You miscast Shroud of Golubria.
You are very lightly contaminated with residual magic.
Your skin tingles.
The white ugly thing misses you.
You completely miss the white ugly thing.
Your bite misses the white ugly thing.
The skeletal warrior hits you from afar with a halberd.
The white ugly thing pecks you. The white ugly thing freezes you!!
* * * LOW HITPOINT WARNING * * *
As you read the scroll of teleportation, it crumbles to dust.
You feel strangely unstable. The white ugly thing barely misses you.
The skeletal warrior hits you but does no damage.
It was a potion of flight.
You feel very buoyant.
You fly up into the air.
The white ugly thing pecks you!
* * * LOW HITPOINT WARNING * * *
The white ugly thing freezes you!
You die...

##............
#..#..........
##.....$.......
#.....z........
#....u#.#.....#
####....##..#.....
#.......###...##..
..#...z####..##. #
#..(5u@.......
........###......
..###.### .#### .
#.. # #... ...#
... ∆


You could see a white ugly thing, a skeletal warrior and a crimson imp.

Vanquished Creatures
  Harold (D:9)
  Psyche (D:8)
  The ghost of Burgietje the Skirmisher, a novice GrFi (D:4)
  A kobold demonologist (D:9)
  A merfolk (D:9)
  A hippogriff (D:10)
  2 wyverns
  A wraith (D:10)
  A hungry ghost (D:7)
  Grum (D:9)
  An orc warrior (D:10)
  A phantom (D:9)
  4 sky beasts
  2 necrophages (D:10)
  2 black bears
  An ice beast (D:9)
  2 wolves (D:9)
  3 ogres
  A big kobold (D:10)
  9 bullfrogs
  A wyvern zombie (D:4)
  A wyvern skeleton (D:8)
  3 scorpions
  A water moccasin skeleton (D:8)
  A howler monkey (D:6)
  An electric eel (D:9)
  A crimson imp (D:8)
  4 hounds
  4 bullfrog skeletons
  A jelly (D:8)
  3 quasits
  2 centaur skeletons (D:4)
  5 orc priests
  5 iguanas
  Terence (D:2)
  7 orc wizards
  7 worker ants
  A hound skeleton (D:6)
  Robin (D:2)
  11 adders
  A shadow imp (D:6)
  An ooze (D:6)
  4 adder zombies
  2 dart slugs (D:3)
  4 leopard geckos
  20 orcs
  3 ball pythons
  6 giant cockroaches
  15 goblins
  8 hobgoblins
  11 jackals
  11 kobolds
  2 quokkas
  4 bats
  5 frilled lizards
  A jackal skeleton (D:8)
  7 rats
  A fungus (D:3)
204 creatures vanquished.

Vanquished Creatures (others)
  7 bushes (D:8)
7 creatures vanquished.

Grand Total: 211 creatures vanquished

Notes
Turn   | Place    | Note
-------+----------+-------------------------------------------
     0 | D:1      | IceCat the Gnoll Skald began the quest for the Orb.
     0 | D:1      | Reached XP level 1. HP: 20/20 MP: 6/6
   163 | D:1      | Reached XP level 2. HP: 17/26 MP: 7/7
   592 | D:2      | Reached XP level 3. HP: 21/31 MP: 9/9
   596 | D:2      | Learned a level 2 spell: Song of Slaying
   599 | D:2      | Learned a level 2 spell: Shroud of Golubria
   603 | D:2      | Learned a level 3 spell: Regeneration
   633 | D:2      | Reached skill level 5 in Spellcasting
   678 | D:2      | Noticed Robin
   688 | D:2      | Killed Robin
   688 | D:2      | Reached skill level 1 in Invocations
   703 | D:2      | Reached skill level 1 in Short Blades
   703 | D:2      | Reached skill level 1 in Long Blades
   703 | D:2      | Reached skill level 1 in Axes
   703 | D:2      | Reached skill level 1 in Maces & Flails
   703 | D:2      | Reached skill level 1 in Polearms
   703 | D:2      | Reached skill level 1 in Staves
   703 | D:2      | Reached skill level 1 in Slings
   703 | D:2      | Reached skill level 1 in Bows
   703 | D:2      | Reached skill level 1 in Crossbows
   703 | D:2      | Reached skill level 1 in Throwing
   703 | D:2      | Reached skill level 1 in Stealth
   703 | D:2      | Reached skill level 1 in Shields
   703 | D:2      | Reached skill level 1 in Evocations
   988 | D:2      | Noticed Terence
  1006 | D:2      | Killed Terence
  1006 | D:2      | Reached XP level 4. HP: 35/38 MP: 4/11
  1611 | D:2      | Reached skill level 1 in Conjurations
  1611 | D:2      | Reached skill level 1 in Hexes
  1611 | D:2      | Reached skill level 1 in Summonings
  1611 | D:2      | Reached skill level 1 in Necromancy
  1611 | D:2      | Reached skill level 1 in Translocations
  1611 | D:2      | Reached skill level 1 in Transmutations
  1611 | D:2      | Reached skill level 1 in Fire Magic
  1611 | D:2      | Reached skill level 1 in Ice Magic
  1611 | D:2      | Reached skill level 1 in Air Magic
  1611 | D:2      | Reached skill level 1 in Earth Magic
  1611 | D:2      | Reached skill level 1 in Poison Magic
  1841 | D:3      | Noticed a bullfrog
  1860 | D:3      | Killed a bullfrog
  1860 | D:3      | Reached XP level 5. HP: 11/43 MP: 3/12
  2424 | D:4      | Reached XP level 6. HP: 50/50 MP: 11/13
  2452 | D:4      | Found an iron altar of Okawaru.
  2472 | D:4      | Found a deep blue altar of Sif Muna.
  2485 | D:4      | Found a transporter.
  2513 | D:4      | Found a transporter.
  2514 | D:4      | Noticed Burgietje's ghost (novice GrFi)
  2557 | D:4      | Found Nang's Antique Weapon Shop.
  2574 | D:4      | Found a stormy altar of Qazlal.
  2670 | D:4      | Reached skill level 5 in Fighting
  2670 | D:4      | Reached skill level 5 in Dodging
  2670 | D:4      | Reached skill level 5 in Unarmed Combat
  2915 | D:4      | Reached XP level 7. HP: 34/56 MP: 10/15
  2945 | D:4      | Found a hazy altar of Hepliaklqana.
  3074 | D:4      | Found a shimmering altar of Xom.
  3075 | D:4      | Noticed a spectral ugly thing
  3093 | D:4      | Found a snail-covered altar of Cheibriados.
  3101 | D:4      | Became a worshipper of Cheibriados the Contemplative
  3264 | D:5      | Entered Level 5 of the Dungeon
  3557 | D:5      | Found an ornate altar of the Wu Jian Council.
  3570 | D:5      | Got a transparent silver amulet
  3573 | D:5      | Identified the amulet of Irrepressible Laughter {Harm *Contam *Drain rPois rC- Str+8} (You found it on level 5 of the Dungeon)
  3829 | D:5      | Found a bloodstained altar of Trog.
  4154 | D:6      | Reached * piety under Cheibriados
  4179 | D:6      | Reached XP level 8. HP: 48/63 MP: 12/16
  4508 | D:6      | Found a staircase to the Ecumenical Temple.
  4765 | D:6      | Found a shattered altar of Ashenzari.
  4930 | D:6      | Found Qint's General Store.
  5409 | D:7      | Found a burning altar of Makhleb.
  5409 | D:7      | Noticed a cacodemon
  5412 | D:7      | Noticed an orange demon
  5412 | D:7      | Noticed a smoke demon
  5528 | D:7      | Found a glowing silver altar of Zin.
  5528 | D:7      | Found a white marble altar of Elyvilon.
  5528 | D:7      | Found a glowing golden altar of the Shining One.
  5574 | D:7      | Found a hide-covered altar of Uskayaw.
  5632 | D:7      | Reached ** piety under Cheibriados
  5719 | D:7      | Found Yntyira's Book Boutique.
  6124 | D:8      | Reached XP level 9. HP: 69/69 MP: 18/18
  6212 | D:8      | Found an ancient bone altar of Kikubaaqudgha.
  6553 | D:8      | Found a runed gate.
  6553 | D:8      | Found a runed gate.
  6553 | D:8      | Found a runed gate.
  6553 | D:8      | Noticed Flugkiller's ghost (novice MfEE)
  6775 | D:4      | Killed Burgietje's ghost
  6791 | D:4      | Reached skill level 5 in Armour
  7043 | D:9      | Noticed Psyche
  7055 | D:9      | Reached *** piety under Cheibriados
  7329 | D:8      | Killed Psyche
  7570 | D:9      | Found a basalt altar of Yredelemnul.
  7603 | D:9      | Reached skill level 5 in Invocations
  7610 | D:9      | Noticed Harold
  7638 | D:9      | Killed Harold
  7638 | D:9      | Reached XP level 10. HP: 23/77 MP: 10/20
  8051 | D:9      | Reached skill level 5 in Short Blades
  8051 | D:9      | Reached skill level 5 in Long Blades
  8051 | D:9      | Reached skill level 5 in Axes
  8051 | D:9      | Reached skill level 5 in Maces & Flails
  8051 | D:9      | Reached skill level 5 in Polearms
  8051 | D:9      | Reached skill level 5 in Staves
  8051 | D:9      | Reached skill level 5 in Slings
  8051 | D:9      | Reached skill level 5 in Bows
  8051 | D:9      | Reached skill level 5 in Crossbows
  8051 | D:9      | Reached skill level 5 in Throwing
  8051 | D:9      | Reached skill level 5 in Stealth
  8051 | D:9      | Reached skill level 5 in Shields
  8051 | D:9      | Reached skill level 5 in Evocations
  8371 | D:9      | Found a runed door.
  8371 | D:9      | Noticed a deep troll
  8371 | D:9      | Noticed a deep elf mage
  8371 | D:9      | Noticed a deep troll earth mage
  8373 | D:9      | Noticed a four-headed hydra
  8373 | D:9      | Noticed a guardian serpent
  8373 | D:9      | Noticed a yaktaur captain
  8373 | D:9      | Noticed a deep elf archer
  8415 | D:9      | Noticed a kobold demonologist
  8422 | D:9      | Reached **** piety under Cheibriados
  8569 | D:9      | Found Noqia's Magic Scroll Shoppe.
  8572 | D:9      | Bought a scroll of fog for 28 gold pieces
  8572 | D:9      | Bought a scroll of identify for 28 gold pieces
  8572 | D:9      | Bought a scroll of enchant armour for 105 gold pieces
  8625 | D:9      | Noticed Grum
  8639 | D:9      | Killed a kobold demonologist
  8645 | D:9      | Killed Grum
  8726 | D:10     | Entered Level 10 of the Dungeon
  9343 | D:10     | You fall through a shaft for 3 floors!
  9345 | D:13     | Noticed a skeletal warrior
  9346 | D:13     | Noticed a white ugly thing
  9346 | D:13     | Noticed a skeletal warrior
  9358 | D:13     | Mangled by a white ugly thing

Skill      XL: |  1  2  3  4  5  6  7  8  9 10 |
---------------+-------------------------------+-----
Spellcasting   | 5 6 7 |  7.6
Invocations    | 1 2 3 4 5 6 |  6.2
Short Blades   | 1 2 3 4 5 |  5.6
Long Blades    | 1 2 3 4 5 |  5.6
Axes           | 1 2 3 4 5 |  5.6
Maces & Flails | 1 2 3 4 5 |  5.6
Polearms       | 1 2 3 4 5 |  5.6
Staves         | 1 2 3 4 5 |  5.6
Slings         | 1 2 3 4 5 |  5.6
Bows           | 1 2 3 4 5 |  5.6
Crossbows      | 1 2 3 4 5 |  5.6
Throwing       | 1 2 3 4 5 |  5.6
Stealth        | 1 2 3 4 5 |  5.6
Shields        | 1 2 3 4 5 |  5.6
Evocations     | 1 2 3 4 5 |  5.6
Conjurations   | 1 2 3 4 |  4.7
Hexes          | 1 2 3 4 |  4.7
Summonings     | 1 2 3 4 |  4.7
Necromancy     | 1 2 3 4 |  4.7
Translocations | 1 2 3 4 |  4.7
Transmutations | 1 2 3 4 |  4.7
Fire Magic     | 1 2 3 4 |  4.7
Ice Magic      | 1 2 3 4 |  4.7
Air Magic      | 1 2 3 4 |  4.7
Earth Magic    | 1 2 3 4 |  4.7
Poison Magic   | 1 2 3 4 |  4.7
Armour         | 3 4 5 6 |  6.3
Fighting       | 5 6 7 |  7.4
Dodging        | 5 6 7 |  7.4
Unarmed Combat | 5 6 7 |  7.4
Charms         | 6 7 |  7.3

Action                   |  1- 3 |  4- 6 |  7- 9 | 10-12 || total
-------------------------+-------+-------+-------+-------++-------
Melee: Unarmed           |   117 |   189 |   451 |   210 ||   967
       Bite              |    12 |    16 |    65 |    47 ||   140
       Punch             |     3 |     6 |    19 |    10 ||    38
 Cast: Shroud of Golubri |     2 |     5 |    19 |    16 ||    42
       Infusion          |     1 |     2 |    12 |     7 ||    22
       Regeneration      |       |     1 |     6 |     6 ||    13
       Song of Slaying   |       |       |     1 |       ||     1
Invok: Bend Time         |       |       |     1 |       ||     1
  Use: Scroll            |       |       |     3 |     6 ||     9
       Potion            |       |       |     1 |     1 ||     2
 Stab: Sleeping          |       |     1 |     4 |     2 ||     7
       Invisible         |       |       |     2 |       ||     2
  Eat: Chunk             |       |     7 |    11 |     4 ||    22
Armor: Leather armour    |     3 |       |       |       ||     3
       Scale mail        |    21 |    77 |   193 |    76 ||   367
Dodge: Dodged            |    74 |   116 |   346 |   217 ||   753
